 Dungeon Crawl Stone Soup version 0.31-a0-1500-ga9fbd17 (webtiles) character file.

Game seed: 3398995613666513110

7 PublicAnimeNo1 the Caller (level 1, -1/14 HPs)
             Began as a Demonspawn Summoner on Dec 29, 2023.
             Slain by a hobgoblin
             ... wielding a +0 club
              (4 damage)
             ... on level 1 of the Dungeon.
             The game lasted 00:00:57 (152 turns).

PublicAnimeNo1 the Caller (Demonspawn Summoner)      Turns: 152, Time: 00:00:58

Health: -1/14      AC:  2    Str:  8    XL:     1   Next: 83%
Magic:  0/3        EV: 12    Int: 15    God:
Gold:   0          SH:  0    Dex: 13    Spells: 3/4 levels left

rFire   . . .        e - +0 whip
rCold   . . .        (no shield)
rNeg    . . .        a - +0 robe
rPois   .            (no helmet)
rElec   .            (no cloak)
rCorr   .            (no gloves)
SInv    .            (no boots)
Will    .....        (no amulet)
Stlth   ++           (no ring)
HPRegen 0.22/turn    (no ring)
MPRegen 0.08/turn

%: no passive effects
@: no status effects
A: no striking features
a: no special abilities


You were on level 1 of the Dungeon.
You visited 1 branch of the dungeon, and saw 1 of its levels.

Inventory:

Hand Weapons
 e - a +0 whip (weapon)
Armour
 a - a +0 robe (worn)
Potions
 b - a potion of magic
 d - a potion of ambrosia {unknown}


   Skills:
 + Level 0.4 Fighting
 - Level 1.7 Dodging
 + Level 2.0 Stealth
 + Level 2.1 Spellcasting
 + Level 4.1 Summonings


You had 3 spell levels left.
You knew the following spells:

 Your Spells              Type           Power      Damage    Failure   Level
a - Summon Small Mammal   Summ           52%        N/A       4%          1

Your spell library contained the following spells:

 Spells                   Type           Power      Damage    Failure   Level
 Call Imp                 Summ           26%        N/A       6%          2
 Call Canine Familiar     Summ           13%        N/A       12%         3
 Summon Blazeheart Golem  Fire/Summ      7%         N/A       67%         4
 Summon Lightning Spire   Summ/Air       7%         N/A       67%         4


Dungeon Overview and Level Annotations

Branches:
Dungeon (1/15)

Altars:


Message History

a +0 club; a kobold corpse A hobgoblin is nearby!
The hobgoblin shouts!
You hear an angry hiss.
A dart slug comes into view.
You barely miss the hobgoblin. The hobgoblin hits you with a +0 club.
You are too injured to fight recklessly!
You are too injured to fight recklessly!
You swap places.
Your rat misses the hobgoblin.
The hobgoblin hits your rat with a +0 club!
Your rat dies!
Your rat's corpse disappears in a puff of smoke!
Things that are here:
a +0 club; a stone; a goblin corpse You are too injured to fight recklessly!
Casting: Summon Small Mammal (safe; 4% risk of failure)
Press: ? - help, Q - select action Dir - look around, f - activate You barely miss the hobgoblin.
Your bat closely misses the hobgoblin.
Your bat barely misses the hobgoblin.
The hobgoblin hits you but does no damage.
You hit the hobgoblin.
The hobgoblin is heavily wounded.
Your bat hits the hobgoblin but does no damage.
The hobgoblin hits you with a +0 club.
Casting: Summon Small Mammal (safe; 4% risk of failure)
Press: ? - help, Q - select action Dir - look around, f - activate Your bat hits the hobgoblin but does no damage.
The hobgoblin hits you with a +0 club.
You swap places.
The hobgoblin attacks as it pursues you!
The hobgoblin hits you with a +0 club.
* * * LOW HITPOINT WARNING * * *
Your rat bites the hobgoblin.
You hit the hobgoblin but do no damage.
The hobgoblin is severely wounded.
Your bat closely misses the hobgoblin.
The hobgoblin barely misses you.
Your rat barely misses the hobgoblin.
You closely miss the hobgoblin.
The hobgoblin is severely wounded.
Your bat hits the hobgoblin. The hobgoblin hits you with a +0 club.
You die...

#..## #..# #)##
#..# ##.########
#.........
#)w>...##
#########rg....###
..........@.b.....
########.#........
#######.#........
#................
#.#####..........
#.#####.........#
#........######.#
########.# ###.#
......†..###....


You could see a dart slug, a hobgoblin (ally target), a friendly bat (summoned)
and a friendly rat (summoned).

Vanquished Creatures
  A goblin (D:1)
  A ball python (D:1)
  A bat (D:1)
  A frilled lizard (D:1)
  A kobold (D:1)
5 creatures vanquished.

Vanquished Creatures (collateral kills)
  2 goblins (D:1)
2 creatures vanquished.

Grand Total: 7 creatures vanquished

Notes
Turn   | Place    | Note
-------+----------+-------------------------------------------
     0 | D:1      | PublicAnimeNo1 the Demonspawn Summoner began the quest for
                  | the Orb.
     0 | D:1      | Reached XP level 1. HP: 13/13 MP: 3/3
   152 | D:1      | Slain by a hobgoblin

Illustrated notes

Levels and vault maps discovered:
D:1:      ncdulo_lavacross, layout_basic, minmay_nonomino_d4

Skill      XL: |  1 |
---------------+----+-----
Stealth        | 2 |  2.0
Fighting       | |  0.4
Dodging        | |  1.7
Spellcasting   | |  2.1
Summonings     | |  4.1

Action                     || total
---------------------------++-------
  Melee: Whip              ||    13
         Club              ||     4
         Unarmed           ||     3
   Cast: Summon Small Mamm ||     6
 Armour: Robe              ||    15
  Dodge: Dodged            ||    11

Table legend: (Time is in decaauts)
 A = Elapsed time spent in this place.
 B = Non-inter-level travel time spent in this place.
 C = Inter-level travel time spent in this place.
 D = Time resting spent in this place.
 E = Time spent auto-exploring this place.
 F = Levels seen in this place.
 G = Mean time per level.
                   A        B        C        D        E       F      G
               +--------+--------+--------+--------+--------+-----+--------+
         Total |    153 |    153 |      0 |     28 |     47 |   1 |  153.0 |
       Dungeon |    153 |    153 |      0 |     28 |     47 |   1 |  153.0 |
               +--------+--------+--------+--------+--------+-----+--------+

Top non-repeatable levels by time:
     D:1: 153 daAuts
